 Dungeon Crawl Stone Soup version 0.22.0 (webtiles) character file.

23 IcyTea the Conjurer (level 2, -1/20 HPs)
             Began as a Draconian Conjurer on Aug 11, 2018.
             Killed from afar by a dart slug (5 damage)
             ... with a slug dart
             ... on level 1 of the Dungeon.
             The game lasted 00:02:14 (639 turns).

IcyTea the Conjurer (Draconian Conjurer)             Turns: 639, Time: 00:02:15

Health: -1/20      AC:  4    Str: 10    XL:     2   Next: 72%
Magic:  2/6        EV: 12    Int: 15    God:
Gold:   25         SH:  0    Dex: 11    Spells: 4/7 levels left

rFire    . . .     SeeInvis .   a - +0 club
rCold    . . .     Gourm    .   (no shield)
rNeg     . . .     Faith    .   (armour unavailable)
rPois    .         Spirit   .   (helmet restricted)
rElec    .         Reflect  .   (no cloak)
rCorr    .         Harm     .   (no gloves)
MR       .....                  (no boots)
Stlth    ++........             (no amulet)
HPRegen  0.06/turn              (no ring)
MPRegen  0.10/turn              (no ring)

@: no status effects
A: unfitting armour, cold-blooded, AC +4
a: no special abilities


You were on level 1 of the Dungeon.
You were not hungry.

You visited 1 branch of the dungeon, and saw 2 of its levels.

You collected 25 gold pieces.

Inventory:

Hand Weapons
 a - a +0 club (weapon)
Scrolls
 c - 4 scrolls of remove curse {unknown}
Potions
 d - a potion of ambrosia {unknown}
Comestibles
 b - a ration


   Skills:
 - Level 1.7 Dodging
 - Level 1.7 Stealth
 + Level 3.1 Spellcasting
 - Level 4.0 Conjurations


You had 4 spell levels left.
You knew the following spells:

 Your Spells              Type           Power        Failure   Level  Hunger
a - Magic Dart            Conj           ##..         3%          1    #......
b - Searing Ray           Conj           ##....       6%          2    ##.....

Your spell library contained the following spells:

 Spells                   Type           Power        Failure   Level  Hunger
 Iskenderun's Mystic Bla  Conj           ##......     36%         4    #####..
 Fulminant Prism          Conj/Hex       #.........   65%         4    #####..
 Dazzling Spray           Conj/Hex       #.....       26%         3    ###....
 Force Lance              Conj/Tloc      #.......     65%         4    #####..


Dungeon Overview and Level Annotations

Branches:
Dungeon (2/15)

Altars:


Innate Abilities, Weirdness & Mutations

Your plain brown scales are hard. (AC +4)
You cannot fit into any form of body armour.
You are cold-blooded and may be slowed by cold attacks.


Message History

The magic dart hits the goblin.
The goblin misses you.
You hit the goblin but do no damage. The goblin closely misses you.
The goblin barely misses you.
You hit the goblin but do no damage.
Your tail-slap misses the goblin.
The goblin hits you with a dagger.
* * * LOW HITPOINT WARNING * * *
You hit the goblin but do no damage. The goblin hits you with a dagger.
* * * LOW HITPOINT WARNING * * *
You closely miss the goblin. The goblin hits you but does no damage.
Casting: Magic Dart (safe; 3% risk of failure)
Confirm with . or Enter, or press ? or * to list all spells.
Aiming: Magic Dart (safe; 3% risk of failure)
Press: ? - help, Shift-Dir - straight line, f/p - goblin
Aim: a goblin, wielding a dagger and wearing a plate armour The magic dart hits the goblin.
The goblin barely misses you. The goblin hits you with a dagger.
* * * LOW HITPOINT WARNING * * *
The dart slug launches a dart at you. The slug dart hits you!
You die...

P..♣ ###........# P..♣..######
##..........# . .PP♣.......#
##..#........# .. ..P♣.......#
#..##........# ...
...♣.......###.###........#....
P..♣.......#...# #..........#
♣♣♣........#.### #.......#..#
........)..#.#####g###.....##
##..............@.†>......##
.........##....#.###....#
.......w....##....##..#.#
..####.#.#...##.#.#......# .
#.#...#....#.#.##.#.# .
#..##.##....... .#... #
######.#.. ..###... ..#..
..#........w###..#...$ ......
..........##... ....#


You could see a dart slug and a goblin.

Vanquished Creatures
  An adder (D:2)
  A leopard gecko (D:1)
  A ball python (D:2)
  A bat (D:1)
  3 hobgoblins (D:1)
  2 frilled lizards
  3 kobolds
12 creatures vanquished.

Notes
Turn   | Place    | Note
-------+----------+-------------------------------------------
     0 | D:1      | IcyTea the Draconian Conjurer began the quest for the Orb.
     0 | D:1      | Reached XP level 1. HP: 14/14 MP: 3/3
   280 | D:2      | Reached XP level 2. HP: 20/20 MP: 0/5
   284 | D:2      | Learned a level 2 spell: Searing Ray
   639 | D:1      | Killed from afar by a dart slug

Skill      XL: |  1  2 |
---------------+-------+-----
Spellcasting   | 3 |  3.1
Dodging        | |  1.7
Stealth        | |  1.7
Conjurations   | |  4.0

Action                   || total
-------------------------++-------
Melee: Club              ||    27
       Unarmed           ||     3
       Tailslap          ||     2
 Cast: Magic Dart        ||    28
Armor: Skin              ||    21
Dodge: Dodged            ||    64
